 Dungeon Crawl Stone Soup version 0.21.1-1-g345015f (webtiles) character file.

125 lotte the Chopper (level 4, 21/44 HPs)
             Began as a Deep Dwarf Berserker on June 24, 2018.
             Was a Believer of Trog.
             Quit the game on level 2 of the Dungeon.
             The game lasted 00:13:34 (1153 turns).

lotte the Chopper (Deep Dwarf Berserker)            Turns: 1153, Time: 00:13:34

Health: 21/44      AC:  5    Str: 22    XL:     4   Next: 82%
Magic:  4/4        EV: 11    Int:  7    God:    Trog [**....]
Gold:   107        SH:  0    Dex: 12    Spells: 3/3 levels left

rFire    . . .     SeeInvis .   a - +0 hand axe
rCold    . . .     Gourm    .   (no shield)
rNeg     . . .     Faith    .   h - +0 ring mail (curse)
rPois    .         Spirit   .   (no helmet)
rElec    .         Reflect  .   (no cloak)
rCorr    .         Harm     .   (no gloves)
MR       .....                  (no boots)
Stlth    +.........             (no amulet)
HPRegen  0.00/turn              (no ring)
MPRegen  0.09/turn              (no ring)

@: non-regenerating
A: damage resistance, heal wounds, sense surroundings 1, no regeneration
a: Heal Wounds, Berserk, Trog's Hand, Burn Spellbooks, Renounce Religion


You were on level 2 of the Dungeon.
You worshipped Trog.
Trog was pleased with you.
You were near starving.

You visited 1 branch of the dungeon, and saw 2 of its levels.

You collected 107 gold pieces.

Inventory:

Hand Weapons
 a - a +0 hand axe (weapon)
 e - a +0 short sword
Armour
 b - a +0 animal skin
 d - a +0 leather armour
 h - a cursed +0 ring mail (worn)
Scrolls
 g - a scroll of immolation {unknown}
 j - a scroll of identify {unknown}
Potions
 f - a potion of curing {unknown}
 i - a potion of ambrosia {unknown}
 k - a potion of mutation {unknown}
 l - a potion of haste {unknown}
 m - a potion of lignification {unknown}
Comestibles
 c - 4 rations


   Skills:
 * Level 4.0 Fighting
 + Level 4.6 Axes
 + Level 2.7 Armour
 - Level 2.3 Dodging


You had 3 spell levels left.
You didn't know any spells.

Dungeon Overview and Level Annotations

Branches:
Dungeon (2/15)

Altars:


Innate Abilities, Weirdness & Mutations

You are resistant to damage.
You can heal yourself by infusing magical energy.
You passively map a small area around you.
You do not regenerate.


Message History

The kobold is severely wounded.
The kobold closely misses you.
You hit the kobold.
You kill the kobold!
Trog accepts your kill.
l - a blue potion You see here a kobold corpse.
A bat comes into view.
Found a fizzy emerald potion.
The bat hits you but does no damage. The bat barely misses you.
The bat hits you but does no damage. The bat barely misses you.
The bat hits you but does no damage. The bat barely misses you.
The bat closely misses you.
You closely miss the bat.
The bat barely misses you. x2; The bat misses you.
You hit the bat.
You kill the bat!
Trog accepts your kill.
m - a fizzy emerald potion Are you sure you want to abandon this character and quit the game? (Confirm with "yes".)

####.......##.####.# ##.# *
#.###.#......##.##...# *
#..#..#....#.......###### * #
##.†..(.######..........., #
###.##..## #....##....# ##
#...##...# #.##..####.. , .#
#.###..#.# ###........#
.####......#.###.......##......
...####..#.#....@#..........##.
##...#..##.......#.....####.#
.###...#####...........# ..
..#.....# #.###.......# ,.#
..#.###.####.####........ , .
#.).# #...#.... ........## *
##..####.....# ..#.....# *
#....##.#...# ##.....#
###.....†..###.# ##..# , ,


There were no monsters in sight!

Vanquished Creatures
  Natasha (D:2)
  Terence (D:2)
  2 adders (D:2)
  An ooze (D:2)
  A worm (D:2)
  3 dart slugs
  7 goblins
  3 hobgoblins
  6 jackals (D:1)
  6 bats
  3 frilled lizards
  6 kobolds
  6 rats
46 creatures vanquished.

Notes
Turn   | Place    | Note
-------+----------+-------------------------------------------
     0 | D:1      | lotte the Deep Dwarf Berserker began the quest for the Orb.
     0 | D:1      | Reached XP level 1. HP: 20/20 MP: 1/1
    82 | D:1      | Reached XP level 2. HP: 18/27 MP: 2/2
   274 | D:1      | Reached ** piety under Trog
   371 | D:1      | Reached XP level 3. HP: 19/34 MP: 3/3
   918 | D:2      | Reached XP level 4. HP: 16/44 MP: 4/4
   968 | D:2      | Noticed Natasha
   977 | D:2      | Killed Natasha
  1041 | D:2      | Noticed Terence
  1078 | D:2      | Killed Terence
  1153 | D:2      | Quit the game

Skill      XL: |  1  2  3  4 |
---------------+-------------+-----
Fighting       | 3 4 |  4.0
Axes           | 4 |  4.6
Armour         | |  2.7
Dodging        | |  2.3

Action                   |  1- 3 |  4- 6 || total
-------------------------+-------+-------++-------
Melee: Hand axe          |   121 |    43 ||   164
Invok: Trog's Hand       |       |     2 ||     2
 Abil: Heal Wounds       |     1 |       ||     1
Armor: Animal skin       |    13 |       ||    13
       Leather armour    |    12 |       ||    12
       Ring mail         |    17 |     7 ||    24
Dodge: Dodged            |    98 |    22 ||   120
